 Dungeon Crawl Stone Soup version 0.27-a0-1312-g5cdb2b3542 (webtiles) character file.

Game seed: 2862882334404192180

145 Delamore the Poker (level 5, -1/43 HPs)
             Began as a Formicid Fighter on June 18, 2021.
             Slain by a water moccasin skeleton (5 damage)
             ... on level 4 of the Dungeon on June 19, 2021.
             The game lasted 00:02:33 (3251 turns).

Delamore the Poker (Formicid Fighter)               Turns: 3251, Time: 00:02:34

Health: -1/43      AC: 11    Str: 22    XL:     5   Next: 53%
Magic:  5/5        EV:  4    Int:  7    God:
Gold:   1119       SH:  9    Dex: 10    Spells: 4/4 levels left

rFire    . . .     SeeInvis +   a - +1 trident
rCold    . . .     Faith    .   c - +0 kite shield
rNeg     . . .     Spirit   .   l - +0 plate armour
rPois    .         Reflect  .   (helmet unavailable)
rElec    .         Harm     .   (no cloak)
rCorr    .         Rampage  .   (no gloves)
Will     .....                  (no boots)
Stlth    ..........             (no amulet)
HPRegen  0.14/turn              (no ring)
MPRegen  0.09/turn              (no ring)

@: no status effects
A: permanent stasis, dig shafts and tunnels, antennae 3, four strong arms
a: Dig, Shaft Self


You were on level 4 of the Dungeon.
You visited 1 branch of the dungeon, and saw 4 of its levels.

You collected 1119 gold pieces.

Inventory:

Hand Weapons
 a - a +1 trident (weapon)
Missiles
 j - 39 poisoned darts
Armour
 b - a +0 scale mail
 c - a +0 kite shield (worn)
 l - a +0 plate armour (worn)
Jewellery
 e - a +4 ring of evasion
Scrolls
 i - a scroll of magic mapping
 k - a scroll of amnesia
 n - a scroll of identify
Potions
 d - a potion of might
 f - a potion of haste
 g - a potion of degeneration
 h - 2 potions of curing
 m - a potion of flight


   Skills:
 + Level 4.4 Fighting
 * Level 4.5 Polearms
 - Level 3.2 Armour
 - Level 3.6 Shields


You had 4 spell levels left.
You didn't know any spells.
Your spell library was empty.

Dungeon Overview and Level Annotations

Branches:
Dungeon (4/15)
 Temple: D:4-7

Altars:
Sif Muna
Xom
Zin


Innate Abilities, Weirdness & Mutations

You cannot be hasted, slowed, berserked, paralysed or teleported.
You can dig through walls and to a lower floor.
You have a pair of large antennae on your head. (SInv)
Your four strong arms can wield two-handed weapons with a shield.


Message History

You are too injured to fight recklessly!
You are too injured to fight recklessly!
You are too injured to fight recklessly!
You are too injured to fight recklessly!
You are too injured to fight recklessly!
You are too injured to fight recklessly!
You are too injured to fight recklessly!
You are too injured to fight recklessly!
You hit the orc.
You kill the orc!
You puncture the orc!
You kill the orc!
You hit the orc priest.
The orc priest is lightly wounded.
The orc priest hits you but does no damage.
The orc priest mumbles some strange prayers to Beogh against you.
Beogh smites you!
* * * LOW HITPOINT WARNING * * *
Your plate armour prevents you from hitting the orc priest.
The orc priest is lightly wounded.
The orc priest hits you but does no damage.
You closely miss the orc priest.
The orc priest is lightly wounded.
The orc priest hits you with a +0 whip.
* * * LOW HITPOINT WARNING * * *
You puncture the orc priest!
The orc priest is almost dead.
You block the orc priest's attack.
You puncture the orc priest!
You kill the orc priest!
You block the water moccasin skeleton's attack.
You hit the water moccasin skeleton.
The water moccasin skeleton is severely damaged.
The water moccasin skeleton bites you.
* * * LOW HITPOINT WARNING * * *
You closely miss the water moccasin skeleton.
The water moccasin skeleton is severely damaged.
You block the water moccasin skeleton's attack.
The water moccasin skeleton bites you.
You die...

#....... .... #.........
.... #......... .....
#......... o...
#......... ... #.........
#######o##### #.........
#@#{...o..... '.........
##Z#....###
#.........#########....#
.......................#
##.............#######..#
#############.# #.# #.#
.# ##############.#######
# ......................


You could see a water moccasin skeleton.

Vanquished Creatures
  An orc priest (D:4)
  A hound (D:4)
  3 adders
  A worm (D:3)
  A dart slug (D:3)
  6 orcs
  3 bats
  5 endoplasms
  2 goblins
  4 hobgoblins
  3 jackals (D:1)
  5 kobolds
  4 quokkas
  A ball python (D:3)
  4 frilled lizards
  2 rats (D:2)
46 creatures vanquished.

Vanquished Creatures (others)
  An iguana (D:3)
  2 orcs (D:3)
  A ball python (D:3)
  A goblin (D:3)
  2 rats (D:3)
7 creatures vanquished.

Grand Total: 53 creatures vanquished

Notes
Turn   | Place    | Note
-------+----------+-------------------------------------------
     0 | D:1      | Delamore the Formicid Fighter began the quest for the Orb.
     0 | D:1      | Reached XP level 1. HP: 18/18 MP: 1/1
   290 | D:1      | Reached XP level 2. HP: 24/24 MP: 2/2
  1322 | D:2      | Reached XP level 3. HP: 30/30 MP: 3/3
  1475 | D:2      | Found a faded altar of an unknown god.
  1848 | D:2      | Identified a scroll of acquirement
  1848 | D:2      | Acquired 923 gold pieces
  2077 | D:3      | Reached XP level 4. HP: 29/37 MP: 4/4
  2676 | D:3      | Found a shimmering altar of Xom.
  2737 | D:3      | Found a shimmering blue altar of Sif Muna.
  2745 | D:3      | Found a glowing silver altar of Zin.
  3174 | D:4      | Reached XP level 5. HP: 40/42 MP: 5/5
  3251 | D:4      | Slain by a water moccasin skeleton

Illustrated notes

Levels and vault maps discovered:
D:1:      mrwooster_arrival_statue_2, layout_loops_corners
D:2:      layout_basic, chequers_ecumenical_altar_simple_redux
D:3:      layout_basic, xom_confusion_cloud, minitemple,
          mrwooster_statue_mirror, minmay_vboxes
D:4:      layout_basic

Skill      XL: |  1  2  3  4 |
---------------+-------------+-----
Polearms       | 3 4 |  4.5
Fighting       | 4 |  4.4
Armour         | |  3.2
Shields        | |  3.6

Action                   |  1- 3 |  4- 6 || total
-------------------------+-------+-------++-------
Melee: Trident           |    89 |    95 ||   184
 Abil: Dig               |       |     2 ||     2
  Use: Scroll            |     8 |     3 ||    11
       Potion            |       |     1 ||     1
Armor: Scale mail        |    32 |    11 ||    43
       Plate armour      |       |    39 ||    39
Dodge: Dodged            |    36 |    11 ||    47
Block: Kite shield       |    44 |    50 ||    94

Table legend: (Time is in decaauts)
 A = Elapsed time spent in this place.
 B = Non-inter-level travel time spent in this place.
 C = Inter-level travel time spent in this place.
 D = Time resting spent in this place.
 E = Time spent auto-exploring this place.
 F = Levels seen in this place.
 G = Mean time per level.
                   A        B        C        D        E       F      G
               +--------+--------+--------+--------+--------+-----+--------+
         Total |   3309 |   3241 |     68 |    493 |   2335 |   4 |  827.2 |
       Dungeon |   3309 |   3241 |     68 |    493 |   2335 |   4 |  827.2 |
               +--------+--------+--------+--------+--------+-----+--------+

Top non-repeatable levels by time:
     D:3: 1307 daAuts
     D:1: 1114 daAuts
     D:2: 770 daAuts
     D:4: 116 daAuts
